 Dungeon Crawl Stone Soup version 0.29.1-1-gd02db6906a (webtiles) character file.

Game seed: 14170726362206501841

1080 LustLizard the Covert (level 8, -5/40 HPs)
             Began as a Spriggan Arcane Marksman on Sept 22, 2022.
             Was an Initiate of Dithmenos.
             Slain by Sigmund
             ... wielding a +0 scythe
              (9 damage)
             ... on level 5 of the Dungeon.
             The game lasted 00:16:25 (8218 turns).

LustLizard the Covert (Spriggan Arcane Marksman)    Turns: 8218, Time: 00:16:26

Health: -5/40      AC:  2    Str:  6    XL:     8   Next: 8%
Magic:  11/11      EV: 17    Int: 14    God:    Dithmenos [......]
Gold:   397        SH:  0    Dex: 18    Spells: 8/9 levels left

rFire   . . .      SeeInvis +   q - +2 shortbow
rCold   . . .      Faith    .   (shield currently unavailable)
rNeg    . . .      Spirit   .   c - +0 robe
rPois   .          Reflect  .   (helmet restricted)
rElec   .          Harm     .   (no cloak)
rCorr   .          Rampage  .   (gloves unavailable)
Will    +....                   (boots unavailable)
Stlth   ++++......              (no amulet)
HPRegen 0.13/turn               o - ring of flight
MPRegen 0.12/turn               (no ring)

@: flying, very quick
A: very small, no large weapons, unfitting armour, see invisible, speed 3
a: Renounce Religion


You were on level 5 of the Dungeon.
You worshipped Dithmenos.
Dithmenos was noncommittal.
You visited 2 branches of the dungeon, and saw 7 of its levels.

You collected 397 gold pieces.

Inventory:

Hand Weapons
 a - a +1 sling
 q - a +2 shortbow (weapon)
Armour
 c - a +0 robe (worn)
Jewellery
 n - a ring of poison resistance
 o - a ring of flight (left hand)
Wands
 p - a wand of iceblast (12)
Scrolls
 b - 2 scrolls of poison
 f - 2 scrolls of identify
 g - a scroll of enchant armour
 l - 2 scrolls of blinking
 m - a scroll of amnesia
Potions
 d - a potion of flight
 e - 2 potions of might
 h - 3 potions of curing
 i - a potion of lignification
 j - a potion of brilliance
 k - a potion of haste


   Skills:
 + Level 3.4 Fighting
 * Level 6.2 Ranged Weapons
 - Level 2.6 Dodging
 * Level 9.1 Stealth
 - Level 1.3 Spellcasting
 - Level 4.0 Hexes


You had 8 spell levels left.
You knew the following spells:

 Your Spells              Type           Power      Damage    Failure   Level
a - Slow                  Hex            48%        N/A       4%          1

Your spell library contained the following spells:

 Spells                   Type           Power      Damage    Failure   Level
 Inner Flame              Hex/Fire       6%         N/A       32%         3
 Portal Projectile        Hex/Tloc       12%        N/A       32%         3
 Cause Fear               Hex            6%         N/A       43%         4
 Gell's Gravitas          Tloc           0%         N/A       58%         3
 Lesser Beckoning         Tloc           0%         N/A       58%         3
 Stone Arrow              Conj/Erth      0%         3d7       58%         3
 Teleport Other           Tloc           0%         N/A       58%         3
 Animate Armour           Summ/Erth      0%         N/A       94%         4
 Freezing Cloud           Conj/Ice/Air   0%         6-21      100%        5
 Simulacrum               Ice/Necr       0%         N/A       100%        6
 Lehudib's Crystal Spear  Conj/Erth      0%         10d2      100%        8
 Polar Vortex             Ice            0%         N/A       100%        9


Dungeon Overview and Level Annotations

Branches:
Dungeon (6/15)             Temple (1/1) D:4

Altars:
Ashenzari
Cheibriados
Dithmenos
Elyvilon
Fedhas
Gozag
Hepliaklqana
Kikubaaqudgha
Makhleb
Nemelex Xobeh
Okawaru
Qazlal
Sif Muna
Trog
Vehumet
Xom
Yredelemnul
Zin
The Shining One

Annotations:
D:5 Sigmund


Innate Abilities, Weirdness & Mutations

You are very small and have problems with some larger weapons.
You are too small for most types of armour.
You have supernaturally acute eyesight. (SInv)
You cover ground extremely quickly. (Speed+++)


Message History

Things that are here:
a +4 dire flail of protection; a +0 scale mail; the human corpse of Edmund
h - 3 potions of curing (gained 1)
(D) Dungeon (T) Temple
Where to? (Enter - D:4 @ (x,y), ? - help)
What level of the Dungeon? (default 1, ? - help)
(D) Dungeon (T) Temple
Where to? (Enter - D:1, ? - help)
Okay, then.
You shoot an arrow. The centaur shouts!
The arrow hits the centaur!
The centaur is heavily wounded.
You hear a shout!
The centaur shoots an arrow.
The arrow hits you!
The centaur shoots an arrow.
The arrow barely misses you.
You shoot an arrow. The arrow hits the centaur.
The centaur is heavily wounded.
The centaur shoots an arrow.
The arrow hits you!
The centaur shoots an arrow.
The arrow closely misses you.
Unknown command.
You are too injured to fight recklessly!
The centaur shoots an arrow.
The arrow hits you!
* * * LOW HITPOINT WARNING * * *
Fire: q) +2 shortbow
Press: ? - help, Q - select action, (/) - cycle Shift-Dir - straight line, f/p - centaur
Aim: a centaur, wielding a +0 shortbow (heavily wounded, 76% to hit)
You shoot an arrow.
The arrow hits the centaur but does no damage.
The centaur is heavily wounded.
The centaur shoots an arrow.
The arrow hits you!
* * * LOW HITPOINT WARNING * * *
The centaur shoots an arrow.
The arrow closely misses you.
Fire: q) +2 shortbow
Press: ? - help, Q - select action, (/) - cycle Shift-Dir - straight line, f/p - centaur
Aim: a centaur, wielding a +0 shortbow (heavily wounded, 76% to hit)
You shoot an arrow. The arrow hits the centaur.
The centaur is severely wounded.
Sigmund hits you from afar with a +0 scythe!
You die...

#...# ######.####..## #.#
###...##### ######.##.....# #.#
..........## #......##.....# #..
...........# #.##..........# ###
...........###.##.#.##.....# #
###<..####≈≈≈≈≈≈≈≈@........# #
#...# #≈.......≈≈≈≈≈≈≈.## #
#...####≈.######@.....≈.#######
#...##..≈.#...@.#####.≈......##
##.###.#≈.#.≈≈≈≈....#.≈.####.##
####.###..≈.#.≈...≈≈≈.#.≈.####.##
......##.#≈.#.≈.##._≈.#.≈.#.....@
.###......≈.#.≈.#...≈.#.≈.#.##.##
.####.###..#.≈c#...≈.#.≈.#.....#
......# #..#.≈.#_.≈≈.#.≈.#..####
.####.###..#.≈.###...#.≈.####
.##........#.≈....####.≈.#


You could see Sigmund and a centaur.

Vanquished Creatures
  Eustachio (D:4)
  Edmund (D:5)
  Duvessa (D:4)
  An ogre (D:5)
  A centaur (D:4)
  A scorpion (D:5)
  Dowan (D:4)
  A howler monkey (D:3)
  3 hounds
  Jessica (D:2)
  Natasha (thrice) (D:4)
  Ijyb (D:3)
  Terence (D:2)
  An orc wizard (D:2)
  Robin (D:2)
  An adder (D:3)
  A gnoll (D:4)
  An ufetubus (D:5)
  5 worms
  A dart slug (D:4)
  8 orcs
  3 bats
  10 endoplasms
  4 giant cockroaches
  19 goblins
  9 hobgoblins
  7 jackals (D:1)
  3 quokkas
  4 ball pythons
  2 frilled lizards (D:1)
  6 kobolds
  6 rats
109 creatures vanquished.

Vanquished Creatures (others)
  A plant (D:5)
1 creature vanquished.

Grand Total: 110 creatures vanquished

Notes
Turn   | Place    | Note
-------+----------+-------------------------------------------
     0 | D:1      | LustLizard the Spriggan Arcane Marksman began the quest for
                  | the Orb.
     0 | D:1      | Reached XP level 1. HP: 9/9 MP: 3/3
    68 | D:1      | Found a faded altar of an unknown god.
    96 | D:1      | Reached skill level 1 in Stealth
   323 | D:1      | Reached XP level 2. HP: 9/14 MP: 5/5
   590 | D:1      | Reached skill level 1 in Fighting
   818 | D:1      | Reached skill level 2 in Stealth
  1356 | D:1      | Reached XP level 3. HP: 18/18 MP: 6/6
  1941 | D:2      | Noticed Robin
  2014 | D:2      | Reached skill level 3 in Stealth
  2491 | D:2      | Noticed Jessica
  2495 | D:2      | Killed Jessica
  2496 | D:2      | Reached XP level 4. HP: 22/22 MP: 7/7
  2554 | D:2      | Killed Robin
  2688 | D:2      | Reached skill level 4 in Stealth
  2719 | D:3      | Noticed Terence
  2719 | D:3      | Noticed Ijyb
  2759 | D:2      | Killed Terence
  3047 | D:2      | Reached XP level 5. HP: 17/26 MP: 8/8
  3511 | D:3      | You fall into a shaft and drop 3 floors!
  3564 | D:5      | Entered Level 5 of the Dungeon
  3592 | D:5      | Noticed a centaur
  3696 | D:5      | Noticed Edmund
  3794 | D:5      | Noticed an ogre
  3809 | D:5      | Killed an ogre
  3810 | D:5      | Reached skill level 5 in Stealth
  3915 | D:3      | Reached XP level 6. HP: 30/30 MP: 9/9
  4272 | D:3      | Killed Ijyb
  4707 | D:3      | Found a burning altar of Makhleb.
  4709 | D:3      | Noticed a blizzard demon
  4788 | D:4      | Found a staircase to the Ecumenical Temple.
  4790 | D:4      | Noticed Natasha
  4793 | Temple   | Entered the Ecumenical Temple
  4808 | D:4      | Noticed Eustachio
  4811 | D:4      | Killed Natasha
  4812 | D:4      | Reached skill level 6 in Stealth
  5136 | D:4      | Noticed Dowan
  5507 | D:4      | Killed Eustachio
  5508 | D:4      | Reached skill level 5 in Ranged Weapons
  5508 | D:4      | Reached skill level 7 in Stealth
  5508 | D:4      | Reached XP level 7. HP: 21/35 MP: 10/10
  5513 | D:4      | Noticed Natasha
  5999 | D:4      | Killed Natasha
  6397 | D:4      | Noticed Duvessa
  6409 | D:4      | Noticed Natasha
  6440 | D:4      | Killed Duvessa
  6441 | D:4      | Reached skill level 8 in Stealth
  6671 | D:4      | Killed Dowan
  7070 | D:4      | Found a shadowy altar of Dithmenos.
  7098 | D:4      | Became a worshipper of Dithmenos the Shadowed
  7191 | D:4      | Killed Natasha
  7544 | D:5      | Noticed Sigmund
  7554 | D:5      | Found an iron altar of Okawaru.
  7607 | D:5      | Found Rosor's CLEARANCE SALE!.
  7701 | D:5      | Found an opulent altar of Gozag.
  8017 | D:5      | Killed Edmund
  8018 | D:5      | Reached skill level 9 in Stealth
  8018 | D:5      | Reached XP level 8. HP: 31/40 MP: 9/11
  8218 | D:5      | Slain by Sigmund

Illustrated notes

Levels and vault maps discovered:
D:1:      minmay_arrival_shattered_statue, layout_basic,
          hellmonk_ecumenical_altar_zigzags, feat_on_display
D:2:      layout_loops_ring, due_unseen_surprise, uniq_jessica, uniq_robin
D:3:      layout_loops_ring, makhleb_altar_promises_db,
          nicolae_elevator_lobby_asterisk, uniq_terence, uniq_ijyb
D:4:      layout_basic, grunt_dithmenos_smoke_and_mirrors, temple_doors_e,
          grunt_decor_junction, cheibrodos_gnoll_hut, uniq_eustachio,
          uniq_duvessa, uniq_natasha
D:5:      layout_loops_cross, nicolae_overflow_squiral, chequers_big_river,
          nicolae_shop_clearance, uniq_edmund, uniq_sigmund
D:6:      layout_gridville, mainiacjoe_overflow_alcove_4,
          minmay_unpleasant_kobolds, uniq_maggie
Temple:   minmay_freezing_vapour_temple

Skill      XL: |  1  2  3  4  5  6  7 |
---------------+----------------------+-----
Stealth        | 1 2 3 4 5 7 9 |  9.1
Fighting       | 1 2 3 |  3.4
Hexes          | 4 |  4.0
Ranged Weapons | 3 4 5 6 |  6.2
Dodging        | |  2.6
Spellcasting   | |  1.3

Action                   |  1- 3 |  4- 6 |  7- 9 || total
-------------------------+-------+-------+-------++-------
 Fire: Sling             |   163 |   181 |       ||   344
       Shortbow          |       |    29 |   114 ||   143
 Cast: Slow              |     2 |       |     5 ||     7
  Use: Scroll            |     1 |     6 |     5 ||    12
Armor: Robe              |     7 |    11 |     1 ||    19
Dodge: Dodged            |    46 |    68 |    38 ||   152
